 Dungeon Crawl Stone Soup version 0.25-a0-665-ga69d64035b (webtiles) character file.

Game seed: 16828123276790115942, levelgen mode: deterministic

196 kae the Gusty (level 5, -2/28 HPs)
             Began as a Tengu Air Elementalist on Mar 26, 2020.
             Shot with a stone by a goblin (4 damage)
             ... on level 3 of the Dungeon.
             The game lasted 00:02:48 (3471 turns).

kae the Gusty (Tengu Air Elementalist)              Turns: 3471, Time: 00:02:48

Health: -2/28      AC:  2    Str:  8 (9)  XL:     5   Next: 74%
Magic:  3/10       EV: 12    Int: 16      God:
Gold:   127        SH:  0    Dex: 14      Spells: 6/10 levels left

rFire    . . .     SeeInvis .   (no weapon)
rCold    . . .     Gourm    .   (no shield)
rNeg     . . .     Faith    .   a - +0 robe
rPois    .         Spirit   .   (helmet restricted)
rElec    .         Reflect  .   (no cloak)
rCorr    +         Harm     .   (no gloves)
MR       .....                  (boots unavailable)
Stlth    ++........             (no amulet)
HPRegen  0.09/turn              d - ring of resist corrosion
MPRegen  0.12/turn              (no ring)

@: no status effects
A: beak, talons 3, able to fly
a: Fly


You were on level 3 of the Dungeon.
You were not hungry.

You visited 1 branch of the dungeon, and saw 3 of its levels.

You collected 127 gold pieces.

Inventory:

Armour
 a - a +0 robe (worn)
 f - a scarf of cloud immunity
Jewellery
 d - a ring of resist corrosion (left hand)
Scrolls
 b - a scroll of immolation {unknown}
 e - a scroll of enchant armour {unknown}
 i - 2 scrolls of magic mapping {unknown}
 j - a scroll of fog {unknown}
 m - a scroll of noise {unknown}
 p - a scroll of teleportation {unknown}
Potions
 g - a potion of degeneration
 h - a potion of flight
 k - 2 potions of heal wounds {unknown}
 l - 2 potions of curing {unknown}
 o - 2 potions of might {unknown}
Comestibles
 c - 7 rations


   Skills:
 - Level 2.1 Dodging
 - Level 2.0 Stealth
 + Level 3.1 Spellcasting
 * Level 5.2 Conjurations
 + Level 5.2 Air Magic


You had 6 spell levels left.
You knew the following spells:

 Your Spells              Type           Power        Failure   Level  Hunger
a - Shock                 Conj/Air       ###.         2%          1    None
b - Static Discharge      Conj/Air       ###.....     6%          3    ###....

Your spell library contained the following spells:

 Spells                   Type           Power        Failure   Level  Hunger
 Swiftness                Chrm/Air       ##......     10%         2    ##.....
 Airstrike                Air            ###.......   22%         4    ####...
 Lightning Bolt           Conj/Air       ###.......   52%         5    ######.


Dungeon Overview and Level Annotations

Branches:
Dungeon (3/15)

Altars:
Qazlal


Innate Abilities, Weirdness & Mutations

You have a beak for a mouth.
You have claws for feet.
You can fly continuously.


Message History

You closely miss the orc. Your kick misses the orc.
The orc is lightly wounded.
The orc hits you with a +0 hand axe.
You closely miss the orc.
The orc is lightly wounded.
The orc hits you with a +0 hand axe!
* * * LOW HITPOINT WARNING * * *
You closely miss the orc.
The orc is lightly wounded.
The orc closely misses you.
Okay, then.
Your magical contamination has completely faded away.
Okay, then.
The goblin wields a +0 hunting sling.
The goblin shoots a stone.
The stone closely misses you.
The goblin shoots a stone.
The stone hits you.
* * * LOW HITPOINT WARNING * * *
You see here a stone.
The goblin shoots a stone.
The stone hits you.
You die...

#### ..# #.# ######### #####.####
#.......#######
.........###.o...........# #
.........g(..≈..@..≈.....#####.#
..........#.#....≈...≈..........
...........##.§≈≈≈...≈≈........
..........###.≈≈§≈####§....###.#
...........##..≈#§≈≈≈#§.........
.........##.#...#≈>_§≈≈≈.#####.##
.........###...≈§§§.§§...#
.>.......# #....§§≈≈≈#...#
####.##### ##.§≈#≈####.§.## #


You could see an orc and a goblin.

Vanquished Creatures
  A crimson imp (D:2)
  A gnoll (D:1)
  8 adders
  2 oozes
  An adder skeleton (D:2)
  A worm (D:3)
  A dart slug (D:2)
  4 leopard geckos
  2 orcs (D:3)
  A giant cockroach (D:1)
  8 hobgoblins
  6 jackals
  2 quokkas
  4 bats
  3 frilled lizards
  5 goblins
  5 kobolds
  9 rats
64 creatures vanquished.

Notes
Turn   | Place    | Note
-------+----------+-------------------------------------------
     0 | D:1      | kae the Tengu Air Elementalist began the quest for the Orb.
     0 | D:1      | Reached XP level 1. HP: 10/10 MP: 4/4
   177 | D:1      | Reached XP level 2. HP: 12/15 MP: 1/6
   600 | D:2      | Reached XP level 3. HP: 19/19 MP: 2/7
   661 | D:2      | Learned a level 3 spell: Static Discharge
  1340 | D:2      | Reached XP level 4. HP: 16/24 MP: 4/9
  2015 | D:2      | Reached skill level 5 in Air Magic
  2015 | D:2      | Gained mutation: You can fly continuously. [Tengu growth]
  2015 | D:2      | Reached XP level 5. HP: 23/28 MP: 3/10
  2618 | D:3      | Found a stormy altar of Qazlal.
  2721 | D:3      | Reached skill level 5 in Conjurations
  2823 | D:3      | Found a faded altar of an unknown god.
  3465 | D:3      | HP: 1/28 [goblin/stone (4)]
  3471 | D:3      | Shot with a stone by a goblin

Levels and vault maps discovered:
D:1:      giann_bridges, layout_rooms
D:2:      minmay_general_purpose_star, layout_rooms, chequers_arboretum,
          kennysheep_flooded_box
D:3:      layout_loops_corners, nicolae_qazlal_general_emergency,
          chequers_ecumenical_altar_simple_redux, corexii_corridor_pit,
          kennysheep_generic_room_11

Skill      XL: |  1  2  3  4  5 |
---------------+----------------+-----
Conjurations   | 2 3 4 5 |  5.2
Air Magic      | 5 |  5.2
Spellcasting   | 3 |  3.1
Dodging        | |  2.1
Stealth        | |  2.0

Action                   |  1- 3 |  4- 6 || total
-------------------------+-------+-------++-------
Melee: Unarmed           |    20 |    20 ||    40
       Kick              |     7 |     5 ||    12
       Peck              |     2 |     1 ||     3
 Cast: Shock             |    52 |    92 ||   144
  Use: Potion            |     4 |       ||     4
 Stab: Invisible         |     1 |       ||     1
  Eat: Ration            |       |     1 ||     1
       Chunk             |       |     5 ||     5
Armor: Robe              |     8 |     8 ||    16
Dodge: Dodged            |    27 |    40 ||    67

Table legend:
 A = Non-vault XP
 B = Vault XP
 C = Vault XP percentage of total XP
 D = Non-vault monster count
 E = Vault monster count
 F = Vault count percentage of total count
                 A         B        C        D         E       F
            +---------+---------+-------+---------+---------+-------
      Total |     254 |      26 |   9.3 |      58 |       6 |   9.4
            +---------+---------+-------+---------+---------+-------
        D:1 |      32 |       0 |   0.0 |      11 |       0 |   0.0
        D:2 |     121 |      26 |  17.7 |      20 |       6 |  23.1
        D:3 |     101 |       0 |   0.0 |      27 |       0 |   0.0
            +---------+---------+-------+---------+---------+-------
